 Dungeon Sprint DCSS version 0.31-a0-18-gea43df2a32 (webtiles) character file.

Game seed: 13385800138868286737

2675 sircluck the Grappler (level 9, -4/102 HPs)
             Began as a Troll Berserker on May 10, 2023.
             Was a High Priest of Trog.
             Slain by a very large slime creature (41 damage)
             ... in the Dungeon (Sprint II: "The Violet Keep of Menkaure").
             The game lasted 00:05:02 (475 turns).

sircluck the Grappler (Troll Berserker)              Turns: 475, Time: 00:05:03

Health: -4/102     AC:  8    Str: 31    XL:     9   Next: 37%
Magic:  8/8        EV: 12    Int:  5    God:    Trog [*****.]
Gold:   132        SH:  0    Dex:  9    Spells: 8/8 levels left

rFire   x .          .
                       - Unarmed
rCold   + . .        (no shield)
rNeg    . . .        a - +0 animal skin
rPois   .            (helmet restricted)
rElec   .            (no cloak)
rCorr   .            (gloves unavailable)
SInv    .            (boots unavailable)
Will    .....        (no amulet)
Stlth   ++           i - ring "Vuwioprai" {Fly Int+2 Stlth+}
HPRegen 1.17/turn    j - +4 ring of protection
MPRegen 0.11/turn

%: no teleportation
@: flying
A: large, unfitting armour, claws 3, regeneration 1, shaggy fur 1, tough skin 1,
cold resistance 1, high MP 1, screaming 1, heat vulnerability 1
a: Renounce Religion, Berserk, Trog's Hand, Brothers in Arms


You were in the Dungeon.
You worshipped Trog.
Trog was extremely pleased with you.
You visited 1 branch You collected 1053 gold pieces.
You spent 921 gold pieces at shops.

Inventory:

Armour
 a - a +0 animal skin (worn)
 h - a +0 kite shield
Jewellery
 i - the ring "Vuwioprai" (left claw) {Fly Int+2 Stlth+}
   (You bought it in a shop in the Dungeon)

   [ring of flight]

   Int:       It affects your intelligence (+2).
   Fly:       It grants you flight.
   Stlth:     It makes you more stealthy.
 j - a +4 ring of protection (right claw)
Potions
 d - a potion of haste
 e - 2 potions of magic
 f - a potion of berserk rage


   Skills:
 + Level 10.4 Fighting
 + Level 10.3 Dodging
 + Level 14.3 Unarmed Combat


You had 8 spell levels left.
You didn't know any spells.
Your spell library was empty.

Dungeon Overview and Level Annotations

Branches:
Dungeon (1/1)

Altars:
Cheibriados
Dithmenos
Elyvilon
Fedhas
Gozag
Hepliaklqana
Kikubaaqudgha
Makhleb
Nemelex Xobeh
Okawaru
Qazlal
Ru
Sif Muna
Trog
Uskayaw
Vehumet
Wu Jian
Xom
Yredelemnul
Zin
The Shining One
Jiyva
Lugonu

Shops:
D !:!([(?(=((=[:!

Annotations:
D exclusion: oklob plant, Roxanne


Innate Abilities, Weirdness & Mutations

You are too large for most types of armour.
You have claws for hands.
Your natural rate of healing is unusually fast.
You are covered in fur. (AC +1)
You have tough skin. (AC +1)
Your flesh is cold resistant. (rC+)
You have an increased reservoir of magic. (+10% MP)
You occasionally shout uncontrollably at your foes.
You are vulnerable to heat. (rF-)


Message History

As you open the door, it creaks loudly!
A slime creature comes into view.
The slime creature quivers.
A slime creature comes into view. x2
The swamp drake breathes poison at you.
The noxious blast engulfs you but does no damage.
You are poisoned.
A death drake comes into view.
The slime creature moves out of view.
Found 81 gold pieces.
You mangle the slime creature!!
The slime creature is heavily wounded.
You are engulfed in noxious fumes.
You choke on the stench!
You are confused.
You feel sick. The slime creature hits you!
Two slime creatures merge to form a large slime creature.
Two slime creatures merge to form a very large slime creature.
The crystal guardian fires a crystalline bolt at you.
The crystal bolt burns you!!!! The fire burns you terribly!
Ouch! That really hurt!
* * * LOW HITPOINT WARNING * * *
You feel much better.
You are engulfed in noxious fumes.
You choke on the stench!
You are more confused.
You feel sick.
The swamp drake fails to trigger a net trap.
Okay, then.
You feel much better.
You are engulfed in noxious fumes.
You feel sick.
You are no longer poisoned.
The very large slime creature hits you! The swamp drake barely misses you.
Unknown command.
You feel better.
The very large slime creature hits you!!
The swamp drake bites you but does no damage.
Unknown command.
Blink to where?
Press: ? - help, Q - select action, (/) - cycle Dir - move target
As you read the scroll of blinking, it crumbles to dust.
The very large slime creature hits you!!!
You die... # ~.§§..~ ## ~.~.~ ~#+++#+++## .. ## ~.........# .. k# ~~.##'##..# #^ .# ~~##.#.##.#### +^##.# ~~#.###.#....# ..k#### [ ####.#.####..#####k.##.# !( #.###÷###.##..#.@Jk9#..# !$[( ...##.##..##..#..#§.#..# )):$?

.#)'.<.'.##'..####..##.#▓$$!$$
...##.##.#.#....###...##▓▓▓▓▓▓
#.###'###.##...§..~~)~~~~~~~~~
####.÷.####~~.....~#)########+
~~#..#..#~~~~~~~..~#.._._._.#§
#~##.#.##~~~~~~~~.~#._._._..#~
#~~##+##~~~≈≈§§~§~~#_._._._.#~


You could see 2 death drakes, a crystal guardian, a very large slime creature
and a swamp drake.

Vanquished Creatures
  A merfolk siren (D)
  A yaktaur (D)
  3 polar bears (D)
  A hornet (D)
  2 wyverns (D)
  4 neqoxecs (D)
  Menkaure (D)
  A water moccasin (D)
  4 necrophages (D)
  A hell rat (D)
19 creatures vanquished.

Notes
Turn   | Place    | Note
-------+----------+-------------------------------------------
     0 | D        | sircluck the Troll Berserker began the quest for the Orb.
     0 | D        | Reached XP level 1. HP: 22/22 MP: 0/0
     1 | D        | Noticed a wyvern
     1 | D        | Noticed a wyvern
     5 | D        | Noticed a neqoxec
     5 | D        | Noticed a neqoxec
     5 | D        | Noticed a neqoxec
     5 | D        | Noticed a neqoxec
     5 | D        | Lost intelligence.
     7 | D        | Gained mutation: You occasionally shout uncontrollably at
                  | your foes. [a neqoxec]
    15 | D        | Killed a neqoxec
    16 | D        | Reached skill level 5 in Fighting
    16 | D        | Reached skill level 5 in Dodging
    16 | D        | Reached skill level 6 in Unarmed Combat
    16 | D        | Reached XP level 2. HP: 30/35 MP: 1/1
    16 | D        | Reached XP level 3. HP: 37/42 MP: 2/2
    16 | D        | Reached XP level 4. HP: 44/50 MP: 3/3
    17 | D        | Killed a neqoxec
    18 | D        | Reached skill level 7 in Unarmed Combat
    18 | D        | Reached XP level 5. HP: 54/59 MP: 4/4
    19 | D        | Gained mutation: You are weak. (Str -2) [a neqoxec]
    21 | D        | Killed a neqoxec
    21 | D        | Reached ** piety under Trog
    22 | D        | Reached skill level 8 in Unarmed Combat
    22 | D        | Reached XP level 6. HP: 70/71 MP: 5/5
    25 | D        | Gained mutation: Your body sometimes deteriorates upon
                  | taking damage. [a neqoxec]
    26 | D        | Killed a neqoxec
    27 | D        | Reached skill level 9 in Unarmed Combat
    27 | D        | Reached XP level 7. HP: 37/78 MP: 6/6
    58 | D        | Reached *** piety under Trog
    59 | D        | Reached skill level 10 in Unarmed Combat
    71 | D        | Noticed a merfolk siren
    79 | D        | Killed a merfolk siren
    79 | D        | Reached **** piety under Trog
    80 | D        | Reached skill level 11 in Unarmed Combat
    80 | D        | Reached XP level 8. HP: 75/91 MP: 7/7
    93 | D        | Reached skill level 12 in Unarmed Combat
   165 | D        | Identified Roxanne's Tome of the Anticline
   165 | D        | Noticed Roxanne
   167 | D        | Noticed Menkaure
   168 | D        | Killed Menkaure
   171 | D        | Found Uhikuboa's Book Boutique.
   171 | D        | Found Tyhyuddi's Distillery.
   172 | D        | Found Haixocw's Antique Weapon Shop.
   172 | D        | Found Xajepse's Jewellery Boutique.
   172 | D        | Found Zues's Antique Armour Shop.
   173 | D        | Found Busaunn's Antique Weapon Shop.
   173 | D        | Found Afob's Magic Scroll Boutique.
   173 | D        | Found Goodacw's Jewellery Boutique.
   173 | D        | Found Onne's Antique Weapon Shop.
   174 | D        | Found Yheluf's Antique Armour Boutique.
   174 | D        | Found Wiotiq's Weapon Boutique.
   174 | D        | Found Qotom's Weapon Shop.
   174 | D        | Noticed a hell hog
   174 | D        | Noticed a hell hog
   179 | D        | Found Sehys's Distillery.
   179 | D        | Noticed an oklob plant
   180 | D        | Found Ophoem's Distillery.
   180 | D        | Found Tuarumpy's Book Shoppe.
   184 | D        | Noticed a flying skull
   196 | D        | Bought a potion of mutation for 88 gold pieces
   196 | D        | Lost mutation: Your body sometimes deteriorates upon taking
                  | damage. [potion of mutation]
   196 | D        | Lost mutation: You are weak. (Str -2) [potion of mutation]
   196 | D        | Gained mutation: You are vulnerable to heat. (rF-) [potion
                  | of mutation]
   196 | D        | Gained mutation: You have an increased reservoir of magic.
                  | (+10% MP) [potion of mutation]
   196 | D        | Gained mutation: Your flesh is cold resistant. (rC+)
                  | [potion of mutation]
   201 | D        | Bought a kite shield for 103 gold pieces
   205 | D        | Noticed a flying skull
   205 | D        | Noticed a flying skull
   205 | D        | Noticed a flying skull
   206 | D        | Noticed a flying skull
   207 | D        | Noticed a flying skull
   216 | D        | Bought a potion of heal wounds for 55 gold pieces
   274 | D        | Found a hazy altar of Hepliaklqana.
   274 | D        | Found a snail-covered altar of Cheibriados.
   275 | D        | Found a stormy altar of Qazlal.
   275 | D        | Found a viscous altar of Jiyva.
   275 | D        | Found a shadowy altar of Dithmenos.
   276 | D        | Found a sacrificial altar of Ru.
   276 | D        | Found an ancient bone altar of Kikubaaqudgha.
   276 | D        | Found a white marble altar of Elyvilon.
   277 | D        | Found an ornate altar of the Wu Jian Council.
   277 | D        | Found a shimmering blue altar of Sif Muna.
   277 | D        | Found a corrupted altar of Lugonu.
   280 | D        | Reached ***** piety under Trog
   281 | D        | Found a shimmering altar of Xom.
   281 | D        | Found a bloodstained altar of Trog.
   281 | D        | Found a burning altar of Makhleb.
   282 | D        | Found a glowing golden altar of the Shining One.
   282 | D        | Found a basalt altar of Yredelemnul.
   282 | D        | Found a hide-covered altar of Uskayaw.
   283 | D        | Found a glowing silver altar of Zin.
   285 | D        | Found a radiant altar of Vehumet.
   290 | D        | Found a blossoming altar of Fedhas.
   290 | D        | Found a sparkling altar of Nemelex Xobeh.
   291 | D        | Found an opulent altar of Gozag.
   291 | D        | Found an iron altar of Okawaru.
   292 | D        | Noticed a hornet
   292 | D        | Noticed a polar bear
   292 | D        | Noticed a polar bear
   292 | D        | Noticed a polar bear
   293 | D        | Noticed a yaktaur
   304 | D        | Killed a polar bear
   306 | D        | Killed a polar bear
   307 | D        | Reached skill level 10 in Fighting
   307 | D        | Reached skill level 13 in Unarmed Combat
   307 | D        | Reached XP level 9. HP: 101/101 MP: 8/8
   310 | D        | Killed a polar bear
   311 | D        | Reached skill level 10 in Dodging
   316 | D        | Paralysed by a hornet for 3 turns
   329 | D        | Killed a yaktaur
   329 | D        | Received a gift from Trog
   330 | D        | Reached skill level 14 in Unarmed Combat
   437 | D        | Bought the ring "Vuwioprai" {Fly Int+2 Stlth+} for 315 gold
                  | pieces
   437 | D        | Bought a +4 ring of protection for 360 gold pieces
   468 | D        | Noticed a death drake
   468 | D        | Noticed a crystal guardian
   470 | D        | Noticed a death drake
   475 | D        | Slain by a very large slime creature

Illustrated notes

Levels and vault maps discovered:
D:        the_violet_keep_of_menkaure [sprint2_stairs_cluster_1,
          sprint2_shoproom, sprint2_temple, sprint2_basic_supplies,
          sprint2_obstacle_7, sprint2_obstacle_5, sprint2_obstacle_6,
          sprint2_obstacle_1, sprint2_obstacle_2, sprint2_timed_cluster_1,
          sprint2_smallroom_cluster_1, sprint2_smallroom_final_cluster_1,
          sprint2_transparent_cluster_1, sprint2_second_timed_cluster_1,
          sprint2_sniper_area_1, sprint2_heavy_combat_area_1,
          sprint2_mutation_trap_area_1, sprint2_forest_area_1,
          sprint2_light_combat_area_1, sprint2_behind_water_1,
          sprint2_near_end_vault_1]

Skill      XL: |  1  2  3  4  5  6  7  8  9 |
---------------+----------------------------+-----
Fighting       | 5 6 7 8 10 | 10.4
Dodging        | 5 6 7 8 9 10 | 10.3
Unarmed Combat | 6 7 8 9 11 13 14 | 14.3

Action                     |  1- 3 |  4- 6 |  7- 9 || total
---------------------------+-------+-------+-------++-------
  Melee: Unarmed           |     8 |    11 |    56 ||    75
         Punch             |       |     1 |     3 ||     4
 Invoke: Berserk           |     1 |       |     1 ||     2
    Use: Potion            |       |       |     4 ||     4
         Scroll            |       |       |     2 ||     2
 Armour: Animal skin       |     3 |     1 |     8 ||    12
  Dodge: Dodged            |       |     1 |    26 ||    27

Table legend: (Time is in decaauts)
 A = Elapsed time spent in this place.
 B = Non-inter-level travel time spent in this place.
 C = Inter-level travel time spent in this place.
 D = Time resting spent in this place.
 E = Time spent auto-exploring this place.
 F = Levels seen in this place.
 G = Mean time per level.
                   A        B        C        D        E       F      G
               +--------+--------+--------+--------+--------+-----+--------+
         Total |    483 |    386 |     97 |    138 |     15 |   1 |  483.0 |
       Dungeon |    483 |    386 |     97 |    138 |     15 |   1 |  483.0 |
               +--------+--------+--------+--------+--------+-----+--------+

Top non-repeatable levels by time:
       D: 483 daAuts
